 Dungeon Crawl Stone Soup version 0.18.1-50-g88ac8fd (webtiles) character file.

4867 KarmaPolice the Covert (level 10, 0/44 HPs)
             Began as a Vine Stalker Enchanter on Sept 20, 2016.
             Was a Follower of Vehumet.
             Slain by an unseen horror (3 damage)
             ... on level 9 of the Dungeon.
             The game lasted 00:44:13 (9084 turns).

KarmaPolice the Covert (Vine Stalker Enchanter)     Turns: 9084, Time: 00:44:13

Health: 0/44       AC:  9    Str: 12    XL:     10   Next: 50%
Magic:  0/21       EV: 12    Int: 15    God:    Vehumet [*.....]
Gold:   428        SH:  0    Dex: 17    Spells: 5 memorised, 10 levels left

rFire  . . .     SeeInvis .     p - +1 dagger (venom)
rCold  . . .     Gourm    .     A - +0 troll leather armour {Purgy}
rNeg   . . .     Faith    .     (no shield)
rPois  .         Spirit   +     B - +0 helmet
rElec  .         Dismiss  .     a - +0 cloak
rCorr  +         Reflect  .     J - +0 pair of gloves
SustAt .         Harm     .     l - +0 pair of boots
MR     +....                    (no amulet)
Stlth  ++++......               (no ring)
                                h - ring of resist corrosion

@: very slightly contaminated, somewhat resistant to hostile enchantments,
stealthy
A: fangs 3, regeneration 2, magic shield, antimagic bite, no device heal 3, rot
immunity
a: Renounce Religion


You were on level 9 of the Dungeon.
You worshipped Vehumet.
Vehumet was aware of your devotion.
You were hungry.

You visited 1 branch of the dungeon, and saw 10 of its levels.

You collected 428 gold pieces.

Inventory:

Hand Weapons
 p - a +1 dagger of venom (weapon)
Armour
 a - a +0 cloak (worn)
 l - a +0 pair of boots (worn)
 A - a +0 troll leather armour (worn) {Purgy}
 B - a +0 helmet (worn)
 J - a +0 pair of gloves (worn)
Jewellery
 h - a ring of resist corrosion (left hand)
 i - an uncursed ring of fire
 n - an uncursed amulet of dismissal {unknown}
 N - an uncursed ring of wizardry {unknown}
Wands
 Q - a wand of hasting (5/9)
Scrolls
 f - 4 scrolls of remove curse
 q - a scroll of torment
 s - 2 scrolls of amnesia
 t - a scroll of summoning {unknown}
 u - a scroll of fog
 v - a scroll of teleportation {unknown}
 w - 2 scrolls of recharging
 x - a scroll of immolation {unknown}
 F - 3 scrolls of enchant weapon
 I - a scroll of magic mapping {unknown}
 K - a scroll of enchant armour
Potions
 e - 4 potions of brilliance
 m - 4 potions of berserk rage {unknown}
 o - a potion of curing {unknown}
 z - a potion of cancellation {unknown}
 C - 2 potions of degeneration {unknown}
 D - 2 potions of lignification {unknown}
 E - 3 potions of might {unknown}
 H - 5 potions of agility
 M - a potion of ambrosia {unknown}
Books
 c - a book of Maledictions

   Spells                             Type                      Level
   a - Corona                         Hexes                        1
   b - Ensorcelled Hibernation        Hexes/Ice                    2
   c - Confuse                        Hexes                        3
   d - Tukima's Dance                 Hexes                        3
   e - Dazzling Spray                 Conjuration/Hexes            3
 y - a book of Callings

   Spells                             Type                      Level
   a - Summon Small Mammal            Summoning                    1
   b - Call Imp                       Summoning                    2
   c - Call Canine Familiar           Summoning                    3
   d - Summon Guardian Golem          Hexes/Summoning              3
   e - Summon Lightning Spire         Summoning/Air                4
   f - Summon Ice Beast               Ice/Summoning                4
Comestibles
 b - a chunk of flesh
 d - 7 bread rations
 g - a beef jerky
 j - 4 meat rations
 G - 22 fruits


   Skills:
 - Level 2.0 Short Blades
 - Level 4.0 Armour
 - Level 1.5 Dodging
 + Level 9.6 Stealth
 + Level 6.9 Spellcasting
 + Level 3.0 Conjurations
 + Level 7.3 Hexes
 + Level 6.6 Ice Magic
 - Level 2.5 Evocations


You had 10 spell levels left.
You knew the following spells:

 Your Spells              Type           Power        Failure   Level  Hunger
a - Corona                Hex            ####...      1%          1    None
b - Ensorcelled Hibernat  Hex/Ice        ####..       1%          2    None
c - Confuse               Hex            ####....     2%          3    ##.....
d - Tukima's Dance        Hex            ####....     2%          3    ##.....
e - Dazzling Spray        Conj/Hex       ###...       10%         3    ##.....


Dungeon Overview and Level Annotations

Branches:
Dungeon (10/15)            Temple (0/1) D:7
   Lair: D:8-11         Orc: D:9-12

Altars:
Cheibriados
Dithmenos
Elyvilon
Fedhas
Gozag
Kikubaaqudgha
Makhleb
Nemelex Xobeh
Pakellas
Qazlal
Ru
Sif Muna
Vehumet
Xom
Zin

Shops:
D:5 :   D:7 [

Annotations:
D:4 Menkaure


Innate Abilities, Weirdness & Mutations

You have razor-sharp teeth.
You heal very quickly.
When hurt, damage is shared between your health and your magic reserves.
Your bite disrupts and absorbs the magic of your enemies.
Potions and wands cannot restore your health.
You are immune to rotting.


Message History

There is an open door, spattered with blood here.
Something hits you! x2
* * * LOW HITPOINT WARNING * * *
Read which item? (? for menu, Esc to quit)
Blink to where?
Press: ? - help, Dir - move target cursor You are very lightly contaminated with residual magic.
As you read the scroll of blinking, it crumbles to dust.
Something hits you but does no damage.
You climb upwards.
There is a stone staircase leading down here.
You start resting.
Something hits you but does no damage. x2
Read which item? (? for menu, Esc to quit)
As you read the scroll of fog, it crumbles to dust.
The scroll dissolves into smoke.
Something hits you!
* * * LOW HITPOINT WARNING * * *
Something hits you!
* * * LOW HITPOINT WARNING * * *
Something hits you.
You die...

### ############ ##.##
#..........######### ....#
#.#####............#
#..<##########.# #.##..........
......†........#####.##..###.....
#..[##########...............##.#
##.### #.##§#§..#..########
.#)..#########.{@§§§#......##_._#
.#)............§#§§§..#...##..../
..........####.###§#.##...###...#
.#.#.####.# #.###§#.##...# ##.##
...#.# #.####............####'#.
.###.# #.#......)...............
.# #.# #.#.######}#####.#####...
.# #.# #.#[# #.# #.# #..# .# #.#
#.#.# #.# #.# #..#


There were no monsters in sight!

Vanquished Creatures
  Pikel (D:4)
  A troll (D:9)
  The ghost of KarmaPolice the Sneak, an amateur VSEn (D:7)
  A dancing weapon (D:6)
  A hippogriff (D:8)
  Purgy (D:3)
  2 sky beasts
  2 orc warriors (D:7)
  A wasp (D:9)
  An ice beast (D:7)
  The ghost of Flanowski the Digger, an amateur DDEE (D:3)
  4 ogres
  3 centaurs
  A big kobold (D:8)
  A gnoll sergeant (D:5)
  A giant frog (D:8)
  4 scorpions
  16 killer bees
  A wight (D:6)
  5 howler monkeys
  A centaur zombie (D:8)
  6 crimson imps
  2 quasits
  A jelly (D:8)
  2 hounds
  4 orc priests
  A giant frog skeleton (D:9)
  2 iguanas
  5 orc wizards
  5 worker ants
  Ijyb (D:3)
  A killer bee zombie (D:8)
  3 worker ant zombies
  Robin (D:3)
  6 adders
  9 gnolls
  4 oozes
  An adder skeleton (D:5)
  4 worms
  The ghost of Drunkenshrew the Firebug, a weakling DrWn (D:5)
  2 dart slugs
  3 giant geckos
  26 orcs
  A ball python (D:3)
  8 bats
  5 giant cockroaches
  19 goblins
  6 hobgoblins
  7 jackals
  5 kobolds
  A quokka (D:8)
  A giant gecko skeleton (D:5)
  A giant gecko zombie (D:5)
  4 giant newts
  A quokka skeleton (D:5)
  10 rats
209 creatures vanquished.

Vanquished Creatures (collateral kills)
  2 wights (D:6)
2 creatures vanquished.

Vanquished Creatures (others)
  2 dancing weapons
  A sky beast (D:4)
  A phantom (D:4)
  A worker ant (D:4)
  An adder skeleton (D:4)
  A dart slug (D:4)
7 creatures vanquished.

Grand Total: 218 creatures vanquished

Notes
Turn   | Place    | Note
--------------------------------------------------------------
     0 | D:1      | KarmaPolice the Vine Stalker Enchanter began the quest for the Orb.
     0 | D:1      | Reached XP level 1. HP: 9/9 MP: 4/4
    70 | D:1      | Reached skill level 1 in Short Blades
   223 | D:1      | Reached XP level 2. HP: 10/13 MP: 4/6
   576 | D:1      | Reached skill level 4 in Stealth
   750 | D:2      | Reached XP level 3. HP: 16/16 MP: 7/7
  1267 | D:2      | Learned a level 2 spell: Ensorcelled Hibernation
  1271 | D:2      | Learned a level 3 spell: Confuse
  1502 | D:3      | Reached XP level 4. HP: 19/21 MP: 9/9
  1569 | D:3      | Noticed Flanowski's ghost (amateur DDEE)
  1606 | D:3      | Killed Flanowski's ghost
  1606 | D:3      | Reached skill level 1 in Ice Magic
  1606 | D:3      | Reached XP level 5. HP: 24/24 MP: 2/10
  1859 | D:3      | Noticed an angel
  1860 | D:3      | Found a glowing silver altar of Zin.
  1877 | D:3      | Noticed Purgy
  1882 | D:3      | Killed Purgy
  1882 | D:3      | Reached skill level 5 in Stealth
  1882 | D:3      | Gained mutation: You heal very quickly. [Vine Stalker growth]
  1882 | D:3      | Reached XP level 6. HP: 24/28 MP: 6/12
  1901 | D:3      | Noticed Robin
  1978 | D:3      | Killed Robin
  2055 | D:3      | Noticed Ijyb
  2068 | D:3      | Killed Ijyb
  2110 | D:3      | Noticed a fire elemental
  2112 | D:3      | Found a stormy altar of Qazlal.
  2113 | D:3      | Noticed a water elemental
  2113 | D:3      | Noticed an air elemental
  2195 | D:4      | Found a sparkling altar of Nemelex Xobeh.
  2236 | D:4      | Noticed Pikel
  2236 | D:4      | Noticed a phantom
  2237 | D:4      | Noticed a slave
  2237 | D:4      | Noticed a slave
  2249 | D:4      | Killed Pikel
  2249 | D:4      | Reached skill level 1 in Armour
  2249 | D:4      | Reached skill level 6 in Stealth
  2249 | D:4      | Reached skill level 5 in Hexes
  2249 | D:4      | Reached XP level 7. HP: 31/32 MP: 8/14
  2312 | D:4      | Gained mutation: You have razor-sharp teeth. [Vine Stalker growth]
  2312 | D:4      | Reached XP level 8. HP: 36/36 MP: 15/15
  2406 | D:4      | Noticed Menkaure
  2864 | D:5      | Entered Level 5 of the Dungeon
  2989 | D:5      | Noticed Drunkenshrew's ghost (weakling DrWn)
  3005 | D:5      | Learned a level 3 spell: Tukima's Dance
  3009 | D:5      | Learned a level 3 spell: Dazzling Spray
  3021 | D:5      | Found Warrof's Book Emporium.
  3067 | D:5      | Killed Drunkenshrew's ghost
  3963 | D:5      | Reached skill level 7 in Stealth
  4407 | D:6      | Reached skill level 5 in Spellcasting
  4717 | D:6      | You fall through a shaft!
  4904 | D:6      | Reached XP level 9. HP: 17/39 MP: 4/17
  5290 | D:6      | Found an oddly glowing altar of Pakellas.
  5795 | D:7      | Found a radiant altar of Vehumet.
  5795 | D:7      | Noticed KarmaPolice's ghost (amateur VSEn)
  5896 | D:7      | Found Liuhimug's Armour Shoppe.
  5912 | D:7      | Reached skill level 8 in Stealth
  5912 | D:7      | Reached skill level 5 in Ice Magic
  6395 | D:8      | Found a burning altar of Makhleb.
  6402 | D:7      | Became a worshipper of Vehumet
  6810 | D:7      | Found a staircase to the Ecumenical Temple.
  6855 | D:7      | Killed KarmaPolice's ghost
  7104 | D:7      | Reached skill level 1 in Conjurations
  7284 | D:8      | Found a snail-covered altar of Cheibriados.
  7336 | D:8      | Reached skill level 1 in Evocations
  7393 | D:8      | Reached skill level 9 in Stealth
  7393 | D:8      | Reached XP level 10. HP: 44/44 MP: 20/20
  7447 | D:8      | Found a blossoming altar of Fedhas.
  7653 | D:8      | Found an opulent altar of Gozag.
  7765 | D:8      | Found a shadowy altar of Dithmenos.
  7769 | D:8      | Found a sacrificial altar of Ru.
  7769 | D:8      | Found a white marble altar of Elyvilon.
  7773 | D:8      | Found a shimmering altar of Xom.
  7774 | D:8      | Found an ancient bone altar of Kikubaaqudgha.
  8014 | D:9      | Found a deep blue altar of Sif Muna.
  8192 | D:10     | Entered Level 10 of the Dungeon
  8378 | D:9      | Reached * piety under Vehumet
  8378 | D:9      | Offered knowledge of Freeze by Vehumet.
  8740 | D:9      | Paralysed by a wasp for 1 turns
  8858 | D:9      | Found a burning altar of Makhleb.
  8859 | D:9      | Found a radiant altar of Vehumet.
  9084 | D:9      | Slain by an unseen horror

Skill      XL: |  1  2  3  4  5  6  7  8  9 10 |
---------------+-------------------------------+-----
Short Blades   | 1 2 |  2.0
Stealth        | 4 5 6 7 9 |  9.6
Spellcasting   | 3 4 5 6 |  6.9
Ice Magic      | 1 2 3 4 5 6 |  6.6
Hexes          | 4 5 6 7 |  7.3
Armour         | 1 2 3 4 |  4.0
Conjurations   | 1 3 |  3.0
Evocations     | 1 2 |  2.5
Dodging        | |  1.5

Action                   |  1- 3 |  4- 6 |  7- 9 | 10-12 || total
-------------------------+-------+-------+-------+-------++-------
Melee: Dagger            |   122 |   111 |   316 |   102 ||   651
       Bite              |    27 |    34 |    98 |    22 ||   181
 Cast: Corona            |     4 |     1 |    29 |    17 ||    51
       Ensorcelled Hiber |     1 |     6 |    40 |    29 ||    76
       Confuse           |       |     3 |    21 |     1 ||    25
       Tukima's Dance    |       |       |    10 |     2 ||    12
  Use: Scroll            |       |       |    11 |     6 ||    17
 Stab: Sleeping          |    14 |     8 |    40 |    21 ||    83
       Distracted        |     1 |       |       |     1 ||     2
       Confused          |       |     3 |     7 |       ||    10
  Eat: Chunk             |     2 |     3 |    15 |     3 ||    23
       Pizza             |       |       |     2 |       ||     2
       Beef jerky        |       |       |     1 |       ||     1
       Fruit             |       |       |       |     2 ||     2
Armor: Robe              |    34 |    35 |    76 |     5 ||   150
       Troll leather arm |       |       |       |    59 ||    59
Dodge: Dodged            |    49 |    85 |   129 |    69 ||   332
